Workbook

Sheet Exhibit 1
A1: EXHIBIT I | D1: Project cash flows in (000)
B2: Project1 | C2: Project2 | D2: Project3 | E2: Project4 | F2: Project5 | G2: Project6 | H2: Project7 | I2: Project8
A3: Initial Investment | B3: -2000 | C3: -2000 | D3: -2000 | E3: -2000 | F3: -2000 | G3: -2000 | H3: -2000 | I3: -2000
A4: Year
A5: 1 | B5: 330 | C5: 1666 | D5: 0 | E5: 160 | F5: 280 | G5: 2200 | H5: 1200 | I5: -350
A6: 2 | B6: 330 | C6: 334 | D6: 0 | E6: 200 | F6: 280 | G6: 0 | H6: 900 | I6: -60
A7: 3 | B7: 330 | C7: 165 | D7: 0 | E7: 350 | F7: 280 | G7: 0 | H7: 300 | I7: 60
A8: 4 | B8: 330 | C8: 0 | D8: 0 | E8: 395 | F8: 280 | G8: 0 | H8: 90 | I8: 350
A9: 5 | B9: 330 | C9: 0 | D9: 0 | E9: 432 | F9: 280 | G9: 0 | H9: 70 | I9: 700
A10: 6 | B10: 330 | C10: 0 | D10: 0 | E10: 440 | F10: 280 | G10: 4000 | H10: 0 | I10: 1200
A11: 7 | B11: 330 | C11: 0 | D11: 0 | E11: 442 | F11: 280 | H11: 0 | I11: 2250
A12: 8 | B12: 1000 | C12: 0 | D12: 0 | E12: 444 | F12: 280 | H12: 0
A13: 9 | C13: 0 | D13: 0 | E13: 446 | F13: 280 | H13: 2000
A14: 10 | C14: 5000 | D14: 0 | E14: 448 | F14: 280
A15: 11 | D15: 0 | E15: 450 | F15: 280
A16: 12 | D16: 0 | E16: 451 | F16: 280
A17: 13 | D17: 0 | E17: 451 | F17: 280
A18: 14 | D18: 0 | E18: 452 | F18: 280
A19: 15 | D19: 9000 | E19: -2000 | F19: 280
A20: Sum of cash flow
A21: benefits | B21: 3310 | C21: 7165 | D21: 9000 | E21: 3561 | F21: 4200 | G21: 6200 | H21: 4560 | I21: 4150
A22: Excess of cash flow
A23: Over investment | B23: 1310 | C23: 5165 | D23: 7000 | E23: 1562 | F23: 2200 | G23: 4200 | H23: 2560 | I23: 2150
B25: Yellows/italics indicate year in which payback is accomplished
C26: Simple Inspection of Cashflow
A27: Project | B27: 1 | C27: =B27+1 -> 2 | D27: =C27+1 -> 3 | E27: =D27+1 -> 4 | F27: =E27+1 -> 5 | G27: =F27+1 -> 6 | H27: =G27+1 -> 7 | I27: =H27+1 -> 8
A28: Rank | B28: 8 | C28: 2 | D28: 1 | E28: 7 | F28: 5 | G28: 3 | H28: 4 | I28: 6

Sheet Part One No 3 
A2: Year | B2: PV Factor @ 10% | C2: Project 1 | D2: PV of Project 2 | E2: Project 3 | F2: Project 4 | G2: Project 5 | H2: Project 6 | I2: Project 7 | J2: Project 8
A4: 0 | B4: 1 | C4: -2000 | D4: -2000 | E4: -2000 | F4: -2000 | G4: -2000 | H4: -2000 | I4: -2000 | J4: -2000
A5: 1 | B5: 0.909 | C5: =B5*'Exhibit 1'!B5 -> 299.97 | D5: =B5*'Exhibit 1'!C5 -> 1514.394 | E5: =B5*'Exhibit 1'!D5 -> 0 | F5: =B5*'Exhibit 1'!E5 -> 145.44 | G5: =B5*'Exhibit 1'!F5 -> 254.52 | H5: =B5*'Exhibit 1'!G5 -> 1999.8 | I5: ='Exhibit 1'!H5*B5 -> 1090.8 | J5: ='Exhibit 1'!I5*'Part One No 3 '!B5 -> -318.15
A6: 2 | B6: 0.826 | C6: =B6*'Exhibit 1'!B6 -> 272.58 | D6: =B6*'Exhibit 1'!C6 -> 275.884 | E6: =B6*'Exhibit 1'!D6 -> 0 | F6: =B6*'Exhibit 1'!E6 -> 165.2 | G6: =B6*'Exhibit 1'!F6 -> 231.28 | H6: =B6*'Exhibit 1'!G6 -> 0 | I6: ='Exhibit 1'!H6*B6 -> 743.4 | J6: ='Exhibit 1'!I6*'Part One No 3 '!B6 -> -49.56
A7: 3 | B7: 0.751 | C7: =B7*'Exhibit 1'!B7 -> 247.83 | D7: =B7*'Exhibit 1'!C7 -> 123.915 | E7: =B7*'Exhibit 1'!D7 -> 0 | F7: =B7*'Exhibit 1'!E7 -> 262.85 | G7: =B7*'Exhibit 1'!F7 -> 210.28 | H7: =B7*'Exhibit 1'!G7 -> 0 | I7: ='Exhibit 1'!H7*B7 -> 225.3 | J7: ='Exhibit 1'!I7*'Part One No 3 '!B7 -> 45.06
A8: 4 | B8: 0.683 | C8: =B8*'Exhibit 1'!B8 -> 225.39 | D8: =B8*'Exhibit 1'!C8 -> 0 | E8: =B8*'Exhibit 1'!D8 -> 0 | F8: =B8*'Exhibit 1'!E8 -> 269.785 | G8: =B8*'Exhibit 1'!F8 -> 191.24 | H8: =B8*'Exhibit 1'!G8 -> 0 | I8: ='Exhibit 1'!H8*B8 -> 61.47 | J8: ='Exhibit 1'!I8*'Part One No 3 '!B8 -> 239.05
A9: 5 | B9: 0.621 | C9: =B9*'Exhibit 1'!B9 -> 204.93 | D9: =B9*'Exhibit 1'!C9 -> 0 | E9: =B9*'Exhibit 1'!D9 -> 0 | F9: =B9*'Exhibit 1'!E9 -> 268.272 | G9: =B9*'Exhibit 1'!F9 -> 173.88 | H9: =B9*'Exhibit 1'!G9 -> 0 | I9: ='Exhibit 1'!H9*B9 -> 43.47 | J9: ='Exhibit 1'!I9*'Part One No 3 '!B9 -> 434.7
A10: 6 | B10: 0.564 | C10: =B10*'Exhibit 1'!B10 -> 186.12 | D10: =B10*'Exhibit 1'!C10 -> 0 | E10: =B10*'Exhibit 1'!D10 -> 0 | F10: =B10*'Exhibit 1'!E10 -> 248.16 | G10: =B10*'Exhibit 1'!F10 -> 157.92 | H10: =B10*'Exhibit 1'!G10 -> 2256 | I10: ='Exhibit 1'!H10*B10 -> 0 | J10: ='Exhibit 1'!I10*'Part One No 3 '!B10 -> 676.8
A11: 7 | B11: 0.513 | C11: =B11*'Exhibit 1'!B11 -> 169.29 | D11: =B11*'Exhibit 1'!C11 -> 0 | E11: =B11*'Exhibit 1'!D11 -> 0 | F11: =B11*'Exhibit 1'!E11 -> 226.746 | G11: =B11*'Exhibit 1'!F11 -> 143.64 | H11: =B11*'Exhibit 1'!G11 -> 0 | I11: ='Exhibit 1'!H11*B11 -> 0 | J11: ='Exhibit 1'!I11*'Part One No 3 '!B11 -> 1154.25
A12: 8 | B12: 0.467 | C12: =B12*'Exhibit 1'!B12 -> 467 | D12: =B12*'Exhibit 1'!C12 -> 0 | E12: =B12*'Exhibit 1'!D12 -> 0 | F12: =B12*'Exhibit 1'!E12 -> 207.348 | G12: =B12*'Exhibit 1'!F12 -> 130.76 | H12: =B12*'Exhibit 1'!G12 -> 0 | I12: ='Exhibit 1'!H12*B12 -> 0 | J12: ='Exhibit 1'!I12*'Part One No 3 '!B12 -> 0
A13: 9 | B13: 0.424 | C13: =B13*'Exhibit 1'!B13 -> 0 | D13: =B13*'Exhibit 1'!C13 -> 0 | E13: =B13*'Exhibit 1'!D13 -> 0 | F13: =B13*'Exhibit 1'!E13 -> 189.104 | G13: =B13*'Exhibit 1'!F13 -> 118.72 | H13: =B13*'Exhibit 1'!G13 -> 0 | I13: ='Exhibit 1'!H13*B13 -> 848 | J13: ='Exhibit 1'!I13*'Part One No 3 '!B13 -> 0
A14: 10 | B14: 0.386 | C14: =B14*'Exhibit 1'!B14 -> 0 | D14: =B14*'Exhibit 1'!C14 -> 1930 | E14: =B14*'Exhibit 1'!D14 -> 0 | F14: =B14*'Exhibit 1'!E14 -> 172.928 | G14: =B14*'Exhibit 1'!F14 -> 108.08 | H14: =B14*'Exhibit 1'!G14 -> 0 | I14: ='Exhibit 1'!H14*B14 -> 0 | J14: ='Exhibit 1'!I14*'Part One No 3 '!B14 -> 0
A15: 11 | B15: 0.35 | C15: =B15*'Exhibit 1'!B15 -> 0 | D15: =B15*'Exhibit 1'!C15 -> 0 | E15: =B15*'Exhibit 1'!D15 -> 0 | F15: =B15*'Exhibit 1'!E15 -> 157.5 | G15: =B15*'Exhibit 1'!F15 -> 98 | H15: =B15*'Exhibit 1'!G15 -> 0 | I15: ='Exhibit 1'!H15*B15 -> 0 | J15: ='Exhibit 1'!I15*'Part One No 3 '!B15 -> 0
A16: 12 | B16: 0.319 | C16: =B16*'Exhibit 1'!B16 -> 0 | D16: =B16*'Exhibit 1'!C16 -> 0 | E16: =B16*'Exhibit 1'!D16 -> 0 | F16: =B16*'Exhibit 1'!E16 -> 143.869 | G16: =B16*'Exhibit 1'!F16 -> 89.32 | H16: =B16*'Exhibit 1'!G16 -> 0 | I16: ='Exhibit 1'!H16*B16 -> 0 | J16: ='Exhibit 1'!I16*'Part One No 3 '!B16 -> 0
... A18: 14 | B18: 0.263 | C18: =B18*'Exhibit 1'!B18 -> 0 | D18: =B18*'Exhibit 1'!C18 -> 0 | E18: =B18*'Exhibit 1'!D18 -> 0 | F18: =B18*'Exhibit 1'!E18 -> 118.876 | G18: =B18*'Exhibit 1'!F18 -> 73.64 | H18: =B18*'Exhibit 1'!G18 -> 0 | I18: ='Exhibit 1'!H18*B18 -> 0 | J18: ='Exhibit 1'!I18*'Part One No 3 '!B18 -> 0
A19: 15 | B19: 0.239 | C19: =B19*'Exhibit 1'!B19 -> 0 | D19: =B19*'Exhibit 1'!C19 -> 0 | E19: =B19*'Exhibit 1'!D19 -> 2151 | F19: =B19*'Exhibit 1'!E19 -> -478 | G19: =B19*'Exhibit 1'!F19 -> 66.92 | H19: =B19*'Exhibit 1'!G19 -> 0 | I19: ='Exhibit 1'!H19*B19 -> 0
A20: NPV | C20: =SUM(C4:C19) -> 73.11 | D20: =SUM(D4:D19) -> 1844.193 | E20: =SUM(E4:E19) -> 151 | F20: =SUM(F4:F19) -> 228.868 | G20: =SUM(G4:G19) -> 129.4 | H20: =SUM(H4:H19) -> 2255.8 | I20: =SUM(I4:I19) -> 1012.44 | J20: =SUM(J4:J19) -> 182.15
B22: Project | C22: 1 | D22: =C22+1 -> 2 | E22: =D22+1 -> 3 | F22: =E22+1 -> 4 | G22: =F22+1 -> 5 | H22: =G22+1 -> 6 | I22: =H22+1 -> 7 | J22: =I22+1 -> 8
B23: Rank | C23: 8 | D23: 2 | E23: 6 | F23: 4 | G23: 7 | H23: 1 | I23: 3 | J23: 5

Sheet Part Two (1)
A1: Account | B1: $ | C1: Costs before Tax | D1: Weight | E1: 1-Tax | F1: Cost
A2: Long-term Debt | B2: 2000000 | C2: 0.1 | D2: =B2/$B$5 -> 0.4 | E2: =1-0.36 -> 0.64 | F2: =C2*D2*E2 -> 0.0256
A3: Preferred Stock | B3: 500000 | C3: 0.14 | D3: =B3/$B$5 -> 0.1 | F3: =C3*D3 -> 0.014
A4: Common Stock | B4: 2500000 | C4: 0.18 | D4: =B4/$B$5 -> 0.5 | F4: =C4*D4 -> 0.09
A5: Total | B5: =SUM(B2:B4) -> 5000000 | D5: =SUM(D2:D4) -> 1 | F5: =SUM(F2:F4) -> 0.1296

Sheet Part Two (2)
D1: NPV
A2: Year | B2: PV Factor @ 13% | C2: Project 1 | D2: PV of Project 2 | E2: Project 3 | F2: Project 4 | G2: Project 5 | H2: Project 6 | I2: Project 7 | J2: Project 8
A4: 0 | B4: 1 | C4: -2000 | D4: -2000 | E4: -2000 | F4: -2000 | G4: -2000 | H4: -2000 | I4: -2000 | J4: -2000
A5: 1 | B5: 0.885 | C5: =B5*'Exhibit 1'!B5 -> 292.05 | D5: =B5*'Exhibit 1'!C5 -> 1474.41 | E5: =B5*'Exhibit 1'!D5 -> 0 | F5: =B5*'Exhibit 1'!E5 -> 141.6 | G5: =B5*'Exhibit 1'!F5 -> 247.8 | H5: =B5*'Exhibit 1'!G5 -> 1947 | I5: ='Exhibit 1'!H5*B5 -> 1062 | J5: ='Exhibit 1'!I5*'Part One No 3 '!B5 -> -318.15
A6: 2 | B6: 0.783 | C6: =B6*'Exhibit 1'!B6 -> 258.39 | D6: =B6*'Exhibit 1'!C6 -> 261.522 | E6: =B6*'Exhibit 1'!D6 -> 0 | F6: =B6*'Exhibit 1'!E6 -> 156.6 | G6: =B6*'Exhibit 1'!F6 -> 219.24 | H6: =B6*'Exhibit 1'!G6 -> 0 | I6: ='Exhibit 1'!H6*B6 -> 704.7 | J6: ='Exhibit 1'!I6*'Part One No 3 '!B6 -> -49.56
A7: 3 | B7: 0.693 | C7: =B7*'Exhibit 1'!B7 -> 228.69 | D7: =B7*'Exhibit 1'!C7 -> 114.345 | E7: =B7*'Exhibit 1'!D7 -> 0 | F7: =B7*'Exhibit 1'!E7 -> 242.55 | G7: =B7*'Exhibit 1'!F7 -> 194.04 | H7: =B7*'Exhibit 1'!G7 -> 0 | I7: ='Exhibit 1'!H7*B7 -> 207.9 | J7: ='Exhibit 1'!I7*'Part One No 3 '!B7 -> 45.06
A8: 4 | B8: 0.613 | C8: =B8*'Exhibit 1'!B8 -> 202.29 | D8: =B8*'Exhibit 1'!C8 -> 0 | E8: =B8*'Exhibit 1'!D8 -> 0 | F8: =B8*'Exhibit 1'!E8 -> 242.135 | G8: =B8*'Exhibit 1'!F8 -> 171.64 | H8: =B8*'Exhibit 1'!G8 -> 0 | I8: ='Exhibit 1'!H8*B8 -> 55.17 | J8: ='Exhibit 1'!I8*'Part One No 3 '!B8 -> 239.05
A9: 5 | B9: 0.543 | C9: =B9*'Exhibit 1'!B9 -> 179.19 | D9: =B9*'Exhibit 1'!C9 -> 0 | E9: =B9*'Exhibit 1'!D9 -> 0 | F9: =B9*'Exhibit 1'!E9 -> 234.576 | G9: =B9*'Exhibit 1'!F9 -> 152.04 | H9: =B9*'Exhibit 1'!G9 -> 0 | I9: ='Exhibit 1'!H9*B9 -> 38.01 | J9: ='Exhibit 1'!I9*'Part One No 3 '!B9 -> 434.7
A10: 6 | B10: 0.48 | C10: =B10*'Exhibit 1'!B10 -> 158.4 | D10: =B10*'Exhibit 1'!C10 -> 0 | E10: =B10*'Exhibit 1'!D10 -> 0 | F10: =B10*'Exhibit 1'!E10 -> 211.2 | G10: =B10*'Exhibit 1'!F10 -> 134.4 | H10: =B10*'Exhibit 1'!G10 -> 1920 | I10: ='Exhibit 1'!H10*B10 -> 0 | J10: ='Exhibit 1'!I10*'Part One No 3 '!B10 -> 676.8
A11: 7 | B11: 0.425 | C11: =B11*'Exhibit 1'!B11 -> 140.25 | D11: =B11*'Exhibit 1'!C11 -> 0 | E11: =B11*'Exhibit 1'!D11 -> 0 | F11: =B11*'Exhibit 1'!E11 -> 187.85 | G11: =B11*'Exhibit 1'!F11 -> 119 | H11: =B11*'Exhibit 1'!G11 -> 0 | I11: ='Exhibit 1'!H11*B11 -> 0 | J11: ='Exhibit 1'!I11*'Part One No 3 '!B11 -> 1154.25
A12: 8 | B12: 0.376 | C12: =B12*'Exhibit 1'!B12 -> 376 | D12: =B12*'Exhibit 1'!C12 -> 0 | E12: =B12*'Exhibit 1'!D12 -> 0 | F12: =B12*'Exhibit 1'!E12 -> 166.944 | G12: =B12*'Exhibit 1'!F12 -> 105.28 | H12: =B12*'Exhibit 1'!G12 -> 0 | I12: ='Exhibit 1'!H12*B12 -> 0 | J12: ='Exhibit 1'!I12*'Part One No 3 '!B12 -> 0
A13: 9 | B13: 0.333 | C13: =B13*'Exhibit 1'!B13 -> 0 | D13: =B13*'Exhibit 1'!C13 -> 0 | E13: =B13*'Exhibit 1'!D13 -> 0 | F13: =B13*'Exhibit 1'!E13 -> 148.518 | G13: =B13*'Exhibit 1'!F13 -> 93.24 | H13: =B13*'Exhibit 1'!G13 -> 0 | I13: ='Exhibit 1'!H13*B13 -> 666 | J13: ='Exhibit 1'!I13*'Part One No 3 '!B13 -> 0
A14: 10 | B14: 0.295 | C14: =B14*'Exhibit 1'!B14 -> 0 | D14: =B14*'Exhibit 1'!C14 -> 1475 | E14: =B14*'Exhibit 1'!D14 -> 0 | F14: =B14*'Exhibit 1'!E14 -> 132.16 | G14: =B14*'Exhibit 1'!F14 -> 82.6 | H14: =B14*'Exhibit 1'!G14 -> 0 | I14: ='Exhibit 1'!H14*B14 -> 0 | J14: ='Exhibit 1'!I14*'Part One No 3 '!B14 -> 0
A15: 11 | B15: 0.261 | C15: =B15*'Exhibit 1'!B15 -> 0 | D15: =B15*'Exhibit 1'!C15 -> 0 | E15: =B15*'Exhibit 1'!D15 -> 0 | F15: =B15*'Exhibit 1'!E15 -> 117.45 | G15: =B15*'Exhibit 1'!F15 -> 73.08 | H15: =B15*'Exhibit 1'!G15 -> 0 | I15: ='Exhibit 1'!H15*B15 -> 0 | J15: ='Exhibit 1'!I15*'Part One No 3 '!B15 -> 0
A16: 12 | B16: 0.231 | C16: =B16*'Exhibit 1'!B16 -> 0 | D16: =B16*'Exhibit 1'!C16 -> 0 | E16: =B16*'Exhibit 1'!D16 -> 0 | F16: =B16*'Exhibit 1'!E16 -> 104.181 | G16: =B16*'Exhibit 1'!F16 -> 64.68 | H16: =B16*'Exhibit 1'!G16 -> 0 | I16: ='Exhibit 1'!H16*B16 -> 0 | J16: ='Exhibit 1'!I16*'Part One No 3 '!B16 -> 0
... A18: 14 | B18: 0.181 | C18: =B18*'Exhibit 1'!B18 -> 0 | D18: =B18*'Exhibit 1'!C18 -> 0 | E18: =B18*'Exhibit 1'!D18 -> 0 | F18: =B18*'Exhibit 1'!E18 -> 81.812 | G18: =B18*'Exhibit 1'!F18 -> 50.68 | H18: =B18*'Exhibit 1'!G18 -> 0 | I18: ='Exhibit 1'!H18*B18 -> 0 | J18: ='Exhibit 1'!I18*'Part One No 3 '!B18 -> 0
A19: 15 | B19: 0.16 | C19: =B19*'Exhibit 1'!B19 -> 0 | D19: =B19*'Exhibit 1'!C19 -> 0 | E19: =B19*'Exhibit 1'!D19 -> 1440 | F19: =B19*'Exhibit 1'!E19 -> -320 | G19: =B19*'Exhibit 1'!F19 -> 44.8 | H19: =B19*'Exhibit 1'!G19 -> 0 | I19: ='Exhibit 1'!H19*B19 -> 0
A20: NPV | C20: =SUM(C4:C19) -> -164.74 | D20: =SUM(D4:D19) -> 1325.277 | E20: =SUM(E4:E19) -> -560 | F20: =SUM(F4:F19) -> -60.42 | G20: =SUM(G4:G19) -> -190.36 | H20: =SUM(H4:H19) -> 1867 | I20: =SUM(I4:I19) -> 733.78 | J20: =SUM(J4:J19) -> 182.15
E21: Profitability Index
B22: Project | C22: 1 | D22: =C22+1 -> 2 | E22: =D22+1 -> 3 | F22: =E22+1 -> 4 | G22: =F22+1 -> 5 | H22: =G22+1 -> 6 | I22: =H22+1 -> 7 | J22: =I22+1 -> 8
B23: PV of Casflow | C23: =SUM(C5:C19) -> 1835.26 | D23: =SUM(D5:D19) -> 3325.277 | E23: =SUM(E5:E19) -> 1440 | F23: =SUM(F5:F19) -> 1939.58 | G23: =SUM(G5:G19) -> 1809.64 | H23: =SUM(H5:H19) -> 3867 | I23: =SUM(I5:I19) -> 2733.78 | J23: =SUM(J5:J19) -> 2182.15
B24: Investment | C24: =-C4 -> 2000 | D24: =-D4 -> 2000 | E24: =-E4 -> 2000 | F24: =-F4 -> 2000 | G24: =-G4 -> 2000 | H24: =-H4 -> 2000 | I24: =-I4 -> 2000 | J24: =-J4 -> 2000
B25: PI | C25: =C23/C24 -> 0.91763 | D25: =D23/D24 -> 1.6626385 | E25: =E23/E24 -> 0.72 | F25: =F23/F24 -> 0.96979 | G25: =G23/G24 -> 0.90482 | H25: =H23/H24 -> 1.9335 | I25: =I23/I24 -> 1.36689 | J25: =J23/J24 -> 1.091075
E27: Internal Rate of Return
B28: Project | C28: 1 | D28: =C28+1 -> 2 | E28: =D28+1 -> 3 | F28: =E28+1 -> 4 | G28: =F28+1 -> 5 | H28: =G28+1 -> 6 | I28: =H28+1 -> 7 | J28: =I28+1 -> 8
B29: IRR | C29: =IRR('Exhibit 1'!B3:B19) -> 0.1086503 | D29: =IRR('Exhibit 1'!C3:C19) -> 0.28158512 | E29: =IRR('Exhibit 1'!D3:D19) -> 0.10547137 | F29: =IRR('Exhibit 1'!E3:E19) -> 0.12328333 | G29: =IRR('Exhibit 1'!F3:F19) -> 0.11121604 | H29: =IRR('Exhibit 1'!G3:G19) -> 0.43206261 | I29: =IRR('Exhibit 1'!H3:H19) -> 0.25429177 | J29: =IRR('Exhibit 1'!I3:I19) -> 0.1140642
E31: MIRR
B32: Project | C32: 1 | D32: =C32+1 -> 2 | E32: =D32+1 -> 3 | F32: =E32+1 -> 4 | G32: =F32+1 -> 5 | H32: =G32+1 -> 6 | I32: =H32+1 -> 7 | J32: =I32+1 -> 8
B33: IRR | C33: =MIRR('Exhibit 1'!B3:B19,'Part Two (1)'!$F$5,'Part Two (1)'!$F$5) -> 0.11777424 | D33: =MIRR('Exhibit 1'!C3:C19,'Part Two (1)'!$F$5,'Part Two (1)'!$F$5) -> 0.18865657 | E33: =MIRR('Exhibit 1'!D3:D19,'Part Two (1)'!$F$5,'Part Two (1)'!$F$5) -> 0.10547137 | F33: =MIRR('Exhibit 1'!E3:E19,'Part Two (1)'!$F$5,'Part Two (1)'!$F$5) -> 0.12773142 | G33: =MIRR('Exhibit 1'!F3:F19,'Part Two (1)'!$F$5,'Part Two (1)'!$F$5) -> 0.12224044 | H33: =MIRR('Exhibit 1'!G3:G19,'Part Two (1)'!$F$5,'Part Two (1)'!$F$5) -> 0.26113051 | I33: =MIRR('Exhibit 1'!H3:H19,'Part Two (1)'!$F$5,'Part Two (1)'!$F$5) -> 0.16967009 | J33: =MIRR('Exhibit 1'!I3:I19,'Part Two (1)'!$F$5,'Part Two (1)'!$F$5) -> 0.11661
B36: Since the NPV is supreme to all other technques, I would recoment all the project with positive NPV ie 2,6,7 and 8
